IL
GWINNETT STRIPERS @ CHARLOTTE KNIGHTS
04/24/2024
 
TOP OF THE 1ST
Gwinnett Stripers batting - Pitching for Charlotte Knights : RHP Kyle Brosnan
Pitching: RHP Kyle Brosnan
Batting: LHB David Calabrese 0-0: Ball
1-0: Foul Ball, location: 2F
1-1: Called Strike
1-2: DOUBLE (Line Drive, 9LM, EV 99.4 MPH)
Batting: RHB Marvin Grun 0-0: Called Strike
0-1: DOUBLE (Groundball, 5L, EV 96.9 MPH)
David Calabrese scores
Batting: LHB Zac Veen 0-0: Called Strike
0-1: Foul Ball, location: 2F
0-2: Ball
1-2: Ball
2-2: Foul Ball, location: 7LDF
2-2: Strikes out swinging
Batting: LHB Matt Wallner 0-0: Foul Ball, location: 23FF
0-1: Fly out, F2 (Popup, 2LF, EV 84.4 MPH)
Batting: LHB Nick Schnell 0-0: Ball
1-0: Foul Ball, location: 7LSF
1-1: Foul Ball, location: 5F
1-2: Ball
2-2: Foul Ball, location: 2F
2-2: Strikes out swinging
Top of the 1st over - 1 run, 2 hits, 0 errors, 1 left on base; Gwinnett 1 - Charlotte 0
BOTTOM OF THE 1ST
Charlotte Knights batting - Pitching for Gwinnett Stripers : RHP M.D. Johnson
Pitching: RHP M.D. Johnson
Batting: RHB Patrick Fitzgerald 0-0: Called Strike
0-1: Foul Ball, location: 9LMF
0-2: Strikes out swinging
Batting: LHB Steele Walker 0-0: Foul Ball, location: 2F
0-1: Ball
1-1: Ground out U3 (Groundball, 3, EV 76.9 MPH)
Batting: RHB Brett Baty 0-0: Ball
1-0: Swinging Strike
1-1: SINGLE (Flyball, 78S, EV 98.1 MPH)
Batting: RHB Franmil Reyes 0-0: Swinging Strike
0-1: Fly out, F9 (Flyball, 9, EV 83.1 MPH)
Bottom of the 1st over - 0 runs, 1 hit, 0 errors, 1 left on base; Gwinnett 1 - Charlotte 0
TOP OF THE 2ND
Gwinnett Stripers batting - Pitching for Charlotte Knights : RHP Kyle Brosnan
Batting: LHB Shane Opitz 0-0: Ball
1-0: Swinging Strike
1-1: Called Strike
1-2: Ground out 4-3 (Groundball, 4, EV 105.6 MPH)
Batting: LHB Evan Edwards 0-0: Called Strike
0-1: Ball
1-1: Swinging Strike
1-2: Foul Ball, location: 7LDF
1-2: Ball
2-2: Strikes out swinging
Batting: RHB Tim Allen 0-0: Foul Ball, location: 5F
0-1: Ground out 5-3 (Groundball, 56, EV 96.9 MPH)
Top of the 2nd over - 0 runs, 0 hits, 0 errors, 0 left on base; Gwinnett 1 - Charlotte 0
BOTTOM OF THE 2ND
Charlotte Knights batting - Pitching for Gwinnett Stripers : RHP M.D. Johnson
Batting: LHB Jesus Armando Sanchez 0-0: Ball
1-0: Ball
2-0: SINGLE (Groundball, 6MD, EV 99.4 MPH)
Batting: RHB Ty Wallach 0-0: Sac Bunt to 2R - play at first, batter OUT! 2-3
Jesus Armando Sanchez to second
Batting: RHB Máximo González 0-0: Ball
1-0: TRIPLE (Flyball, 78XD, EV 104.4 MPH)
Jesus Armando Sanchez scores
Batting: LHB Ryan Ward 0-0: Ball
1-0: Swinging Strike
1-1: Foul Ball, location: 3DF
1-2: Foul Ball, location: 7LMF
1-2: Fly out, F7 (Flyball, 7, EV 75.0 MPH)
Runner from 3rd tags up, SCORES, throw by LF
Batting: LHB Blake Sabol 0-0: Ball
1-0: Called Strike
1-1: Called Strike
1-2: Foul Ball, location: 2F
1-2: Foul Ball, location: 25F
1-2: Foul Ball, location: 25F
1-2: Ground out 4-3 (Groundball, 4, EV 85.0 MPH)
Bottom of the 2nd over - 2 runs, 2 hits, 0 errors, 0 left on base; Gwinnett 1 - Charlotte 2
TOP OF THE 3RD
Gwinnett Stripers batting - Pitching for Charlotte Knights : RHP Kyle Brosnan
Batting: RHB Sam House 0-0: Swinging Strike
0-1: TRIPLE (Flyball, 8RXD, EV 103.8 MPH)
Batting: LHB David Calabrese 0-0: Called Strike
0-1: Swinging Strike
0-2: SINGLE (Groundball, 4S, EV 75.0 MPH) (infield hit)
Sam House scores
Batting: RHB Marvin Grun 0-0: Ball
1-0: Ball
2-0: Called Strike
2-1: Ball
3-1: Ball
David Calabrese to second
Batting: LHB Zac Veen 0-0: SINGLE (Flyball, 89S, EV 90.6 MPH)
David Calabrese to third
Marvin Grun to second
Batting: LHB Matt Wallner 0-0: Fielders Choice at 2nd, 6-4 (Groundball, 6, EV 87.5 MPH)
David Calabrese scores
Marvin Grun to third
Batting: LHB Nick Schnell 0-0: Foul Ball, location: 2F
0-1: Ball
1-1: Fly out, F7 (Flyball, 7D, EV 86.9 MPH)
Runner from 3rd tags up, SCORES, throw by LF
Batting: LHB Shane Opitz 0-0: Ball
1-0: Foul Ball, location: 2F
1-1: Foul Ball, location: 3F
1-2: 2-RUN HOME RUN (Flyball, 9D, EV 101.9 MPH), Distance : 402 ft
Batting: LHB Evan Edwards 0-0: Called Strike
0-1: Swinging Strike
0-2: Ball
1-2: Ball
2-2: Ball
3-2: Foul Ball, location: 3F
3-2: Fly out, F8 (Flyball, 8LD, EV 111.3 MPH)
Top of the 3rd over - 5 runs, 4 hits, 0 errors, 0 left on base; Gwinnett 6 - Charlotte 2
BOTTOM OF THE 3RD
Charlotte Knights batting - Pitching for Gwinnett Stripers : RHP M.D. Johnson
Batting: RHB Patrick Fitzgerald 0-0: Ball
1-0: Fly out, F4 (Popup, 4, EV 67.5 MPH)
Batting: LHB Steele Walker 0-0: Ground out 3-1 (Groundball, 34, EV 101.3 MPH)
Batting: RHB Brett Baty 0-0: Foul Ball, location: 2F
0-1: Ball
1-1: Ball
2-1: Ball
3-1: Foul Ball, location: 9LSF
3-2: Base on Balls
Batting: RHB Franmil Reyes 0-0: Called Strike
0-1: Ball
1-1: Fly out, F8 (Flyball, 8LM, EV 90.0 MPH)
Bottom of the 3rd over - 0 runs, 0 hits, 0 errors, 1 left on base; Gwinnett 6 - Charlotte 2
TOP OF THE 4TH
Gwinnett Stripers batting - Pitching for Charlotte Knights : RHP Kyle Brosnan
Pitching: RHP Jose Soriano
Batting: RHB Tim Allen 0-0: Called Strike
0-1: Foul Ball, location: 9LDF
0-2: Ball
1-2: Foul Ball, location: 7LMF
1-2: Ground out 5-3 (Groundball, 5, EV 106.3 MPH)
Batting: RHB Sam House 0-0: Ball
1-0: Ball
2-0: Fly out, F6 (Popup, 6M, EV 65.0 MPH)
Batting: LHB David Calabrese 0-0: Ball
1-0: Foul Ball, location: 25F
1-1: Foul Ball, location: 2F
1-2: Ball
2-2: SINGLE (Groundball, 6, EV 108.1 MPH)
Batting: RHB Marvin Grun 0-0: Foul Ball, location: 2F
Pickoff Play to 1st, Runner tries for 2nd, OUT after rundown.
Top of the 4th over - 0 runs, 1 hit, 0 errors, 0 left on base; Gwinnett 6 - Charlotte 2
BOTTOM OF THE 4TH
Charlotte Knights batting - Pitching for Gwinnett Stripers : RHP M.D. Johnson
Batting: LHB Jesus Armando Sanchez 0-0: Foul Ball, location: 23F
0-1: Swinging Strike
0-2: Strikes out looking
Batting: RHB Ty Wallach 0-0: Ball
1-0: Called Strike
1-1: Ball
2-1: Ground out 6-3 (Groundball, 6, EV 103.1 MPH)
Batting: RHB Máximo González 0-0: Called Strike
0-1: Ball
1-1: Called Strike
1-2: Fly out, F9 (Flyball, 89S, EV 95.0 MPH)
Bottom of the 4th over - 0 runs, 0 hits, 0 errors, 0 left on base; Gwinnett 6 - Charlotte 2
TOP OF THE 5TH
Gwinnett Stripers batting - Pitching for Charlotte Knights : RHP Jose Soriano
Batting: RHB Marvin Grun 0-0: Foul Ball, location: 2F
0-1: Ground out 5-3 (Groundball, 56, EV 81.9 MPH)
Batting: LHB Zac Veen 0-0: Ball
1-0: Called Strike
1-1: Foul Ball, location: 2F
1-2: Ball
2-2: Ball
3-2: Ground out 6-3 (Groundball, 4M, EV 92.5 MPH)
Batting: LHB Matt Wallner 0-0: Ball
1-0: Foul Ball, location: 2F
1-1: Ground out 1-3 (Groundball, 13S, EV 68.1 MPH)
Top of the 5th over - 0 runs, 0 hits, 0 errors, 0 left on base; Gwinnett 6 - Charlotte 2
BOTTOM OF THE 5TH
Charlotte Knights batting - Pitching for Gwinnett Stripers : RHP M.D. Johnson
Batting: LHB Ryan Ward 0-0: Called Strike
0-1: Ball
1-1: Called Strike
1-2: SINGLE (Groundball, 4S, EV 76.3 MPH)
Batting: LHB Blake Sabol 0-0: Swinging Strike
0-1: Ball
1-1: Called Strike
1-2: Ball
2-2: Foul Ball, location: 23FF
2-2: Foul Ball, location: 3FF
2-2: Strikes out swinging
Batting: RHB Patrick Fitzgerald 0-0: Called Strike
0-1: Swinging Strike
0-2: Foul Ball, location: 23F
0-2: Ball
1-2: Foul Ball, location: 2F
1-2: Strikes out looking
Batting: LHB Steele Walker 0-0: Swinging Strike
0-1: Called Strike
0-2: Ball
1-2: Foul Ball, location: 5F
1-2: SINGLE (Groundball, 4D, EV 102.5 MPH)
Ryan Ward to second
Runner from 2nd tries for 3rd, OUT after rundown.
Bottom of the 5th over - 0 runs, 2 hits, 0 errors, 1 left on base; Gwinnett 6 - Charlotte 2
TOP OF THE 6TH
Gwinnett Stripers batting - Pitching for Charlotte Knights : RHP Jose Soriano
Batting: LHB Nick Schnell 0-0: Called Strike
0-1: Ball
1-1: Ball
2-1: Ground out 1-3 (Groundball, 34S, EV 67.5 MPH)
Batting: LHB Shane Opitz 0-0: Called Strike
0-1: Ball
1-1: Ground out 5-3 (Groundball, 56, EV 101.9 MPH)
Batting: LHB Evan Edwards 0-0: Ball
1-0: Ball
2-0: Called Strike
2-1: Ground out 3-1 (Groundball, 13, EV 83.1 MPH)
Top of the 6th over - 0 runs, 0 hits, 0 errors, 0 left on base; Gwinnett 6 - Charlotte 2
BOTTOM OF THE 6TH
Charlotte Knights batting - Pitching for Gwinnett Stripers : RHP M.D. Johnson
Batting: RHB Brett Baty 0-0: Ball
1-0: Ball
2-0: Foul Ball, location: 9LSF
2-1: Called Strike
2-2: DOUBLE (Line Drive, 78M, EV 100.6 MPH)
Batting: RHB Franmil Reyes 0-0: Ball
1-0: Fly out, F8 (Flyball, 8RXD, EV 86.3 MPH)
Runner from 2nd tags up, SAFE at 3rd, no throw by CF
Batting: LHB Jesus Armando Sanchez 0-0: Called Strike
0-1: Foul Ball, location: 23F
0-2: Ball
1-2: Ball
2-2: Strikes out looking
Batting: RHB Ty Wallach 0-0: Fly out, F9 (Line Drive, 9LM, EV 92.5 MPH)
Bottom of the 6th over - 0 runs, 1 hit, 0 errors, 1 left on base; Gwinnett 6 - Charlotte 2
TOP OF THE 7TH
Gwinnett Stripers batting - Pitching for Charlotte Knights : RHP Jose Soriano
Batting: RHB Tim Allen 0-0: Ball
1-0: SINGLE (Flyball, 8LS, EV 100.6 MPH)
Batting: RHB Sam House 0-0: Ball
1-0: Ball
2-0: Called Strike
2-1: Swinging Strike
2-2: Ball
3-2: Base on Balls
Tim Allen to second
Batting: LHB David Calabrese 0-0: Bunted foul
0-1: Bunted foul
0-2: Ball
1-2: Ball
2-2: Fielders Choice at 2nd, 4-6 (Groundball, 4, EV 93.1 MPH)
Tim Allen to third
Batting: RHB Marvin Grun 0-0: Ball
1-0: Ball
Passed Ball!
Tim Allen scores
David Calabrese to second
2-0: Fielders Choice attempt at 3rd, Runner SAFE. 6-5 (Groundball, 56, EV 90.0 MPH)
Batting: LHB Zac Veen 0-0: Ball
1-0: Ball
2-0: Ball
3-0: Called Strike
3-1: Foul Ball, location: 7LSF
3-2: Base on Balls
Marvin Grun to second
Pitching: LHP Adam Hornibrook
Batting: LHB Matt Wallner 0-0: Foul Ball, location: 2F
0-1: Foul Ball, location: 3SF
0-2: Strikes out swinging
Batting: LHB Nick Schnell 0-0: Ball
1-0: Called Strike
1-1: Ball
2-1: Ball
3-1: Base on Balls
David Calabrese scores
Marvin Grun to third
Zac Veen to second
Batting: LHB Shane Opitz 0-0: Called Strike
0-1: Called Strike
0-2: Ball
1-2: Ball
2-2: Ball
3-2: Fly out, F6 (Popup, 6M, EV 77.5 MPH)
Top of the 7th over - 2 runs, 1 hit, 0 errors, 3 left on base; Gwinnett 8 - Charlotte 2
BOTTOM OF THE 7TH
Charlotte Knights batting - Pitching for Gwinnett Stripers : RHP M.D. Johnson
Batting: RHB Máximo González 0-0: SOLO HOME RUN (Flyball, 7D, EV 93.8 MPH), Distance : 356 ft
Batting: LHB Ryan Ward 0-0: Ball
1-0: Ground out U3 (Groundball, 3, EV 81.3 MPH)
Batting: LHB Blake Sabol 0-0: Ball
1-0: Foul Ball, location: 9LDF
1-1: Foul Ball, location: 2F
1-2: Foul Ball, location: 25F
1-2: Ground out U3 (Groundball, 34, EV 105.6 MPH)
Batting: RHB Patrick Fitzgerald 0-0: Ball
1-0: SINGLE (Groundball, 4MD, EV 96.3 MPH)
Pitching: RHP Ben Trigueros
Batting: LHB Steele Walker 0-0: Called Strike
0-1: Called Strike
0-2: Ball
1-2: Ball
2-2: DOUBLE (Line Drive, 78XD, EV 101.9 MPH)
Patrick Fitzgerald to third
Patrick Fitzgerald scores
Batting: RHB Brett Baty 0-0: Ball
1-0: Foul Ball, location: 5FF
1-1: Ball
2-1: Called Strike
2-2: Ball
3-2: SINGLE (Line Drive, 56D, EV 96.3 MPH)
Steele Walker to third
Runner from 3rd tries for Home, SAFE, throw by LF to home
Brett Baty to second
Batting: RHB Franmil Reyes 0-0: Ball
1-0: Fly out, F7 (Line Drive, 7, EV 100.0 MPH)
Bottom of the 7th over - 3 runs, 4 hits, 0 errors, 1 left on base; Gwinnett 8 - Charlotte 5
TOP OF THE 8TH
Gwinnett Stripers batting - Pitching for Charlotte Knights : LHP Adam Hornibrook
Batting: LHB Evan Edwards 0-0: Ground out 5-3 (Groundball, 5S, EV 90.6 MPH)
Batting: RHB Tim Allen 0-0: Called Strike
0-1: Called Strike
0-2: Fly out, F7 (Flyball, 78D, EV 78.1 MPH)
Batting: RHB Sam House 0-0: Ball
1-0: Ground out 3-1 (Groundball, 13, EV 86.3 MPH)
Top of the 8th over - 0 runs, 0 hits, 0 errors, 0 left on base; Gwinnett 8 - Charlotte 5
BOTTOM OF THE 8TH
Charlotte Knights batting - Pitching for Gwinnett Stripers : RHP Ben Trigueros
Batting: LHB Jesus Armando Sanchez 0-0: Ball
1-0: Called Strike
1-1: Foul Ball, location: 2RF
1-2: Ground out 4-3 (Groundball, 4M, EV 83.8 MPH)
Batting: RHB Ty Wallach 0-0: Called Strike
0-1: Ball
1-1: SINGLE (Line Drive, 4MD, EV 101.3 MPH)
Batting: RHB Máximo González 0-0: Foul Ball, location: 5F
0-1: Swinging Strike
0-2: Strikes out swinging
Pitching: LHP Matt Stone
Batting: LHB Ryan Ward 0-0: Called Strike
0-1: Ground out 4-3 (Groundball, 4, EV 105.6 MPH)
Bottom of the 8th over - 0 runs, 1 hit, 0 errors, 1 left on base; Gwinnett 8 - Charlotte 5
TOP OF THE 9TH
Gwinnett Stripers batting - Pitching for Charlotte Knights : LHP Adam Hornibrook
Batting: LHB David Calabrese 0-0: Ball
1-0: Foul Ball, location: 2F
1-1: Foul Ball, location: 3DF
1-2: SINGLE (Line Drive, 78S, EV 96.3 MPH)
Batting: RHB Marvin Grun 0-0: Foul Ball, location: 9LDF
0-1: Ball
1-1: Ball
2-1: Foul Ball, location: 5F
2-2: Ball
3-2: Foul Ball, location: 5FF
3-2: Strikes out swinging
David Calabrese is caught stealing 2nd base 2-4
Batter strikes out.
Batting: LHB Zac Veen 0-0: Foul Ball, location: 2F
0-1: Ball
1-1: Ball
2-1: Ball
3-1: Foul Ball, location: 2F
3-2: Fly out, F9 (Flyball, 9, EV 83.8 MPH)
Top of the 9th over - 0 runs, 1 hit, 0 errors, 0 left on base; Gwinnett 8 - Charlotte 5
BOTTOM OF THE 9TH
Charlotte Knights batting - Pitching for Gwinnett Stripers : LHP Matt Stone
Pitching: RHP Jhoan Duran
Batting: LHB Blake Sabol 0-0: Ball
1-0: Foul Ball, location: 3F
1-1: Ball
2-1: Swinging Strike
2-2: Strikes out looking
Batting: RHB Patrick Fitzgerald 0-0: Ball
1-0: Ball
2-0: Ball
3-0: Base on Balls
Batting: LHB Steele Walker 0-0: Ball
1-0: Foul Ball, location: 2F
1-1: Foul Ball, location: 2F
1-2: Ball
2-2: Ball
3-2: Grounds into double play, 5-4-3 (Groundball, 56, EV 91.9 MPH)
Bottom of the 9th over - 0 runs, 0 hits, 0 errors, 0 left on base; Gwinnett 8 - Charlotte 5
Thursday, May 2nd , 2024 - OOTP Baseball 24.11 Build 85